 Dungeon Crawl Stone Soup version 0.28.0-1-gb440e238dd (webtiles) character file.

Game seed: 15308694453449140615

62 rabbitsville the Firebug (level 4, 0/33 HPs)
             Began as a Hill Orc Fire Elementalist on Feb 22, 2022.
             Succumbed to an adder's poison
             ... on level 1 of the Dungeon.
             The game lasted 00:10:43 (1695 turns).

rabbitsville the Firebug (HOFE)                     Turns: 1695, Time: 00:10:43

Health: 0/33       AC:  2    Str: 10    XL:     4   Next: 8%
Magic:  7/7        EV: 16    Int: 17    God:
Gold:   57         SH:  0    Dex: 11    Spells: 4/7 levels left

rFire   . . .      SeeInvis .   c - +0 broad axe (vamp)
rCold   . . .      Faith    .   (no shield)
rNeg    . . .      Spirit   .   a - +0 robe
rPois   .          Reflect  .   (no helmet)
rElec   .          Harm     .   (no cloak)
rCorr   .          Rampage  .   (no gloves)
Will    .....                   (no boots)
Stlth   ++........              (no amulet)
HPRegen 0.11/turn               d - +4 ring of evasion
MPRegen 0.10/turn               (no ring)

@: lethally poisoned (0 -> -2), about to teleport
A: no striking features
a: no special abilities


You were on level 1 of the Dungeon.
You visited 1 branch of the dungeon, and saw 2 of its levels.

You collected 57 gold pieces.

Inventory:

Hand Weapons
 b - a +0 spear
 c - a +0 vampiric broad axe (weapon)
Armour
 a - a +0 robe (worn)
Jewellery
 d - a +4 ring of evasion (left hand)
Scrolls
 e - a scroll of identify {unknown}
 f - a scroll of teleportation
 g - a scroll of magic mapping {unknown}
 h - a scroll of fog {unknown}


   Skills:
 - Level 2.0 Dodging
 - Level 2.0 Stealth
 + Level 2.0 Spellcasting
 + Level 1.8 Conjurations
 * Level 3.9 Fire Magic


You had 4 spell levels left.
You knew the following spells:

 Your Spells              Type           Power      Damage    Failure   Level
a - Foxfire               Conj/Fire      44%        2x1d6     6%          1
b - Scorch                Fire           30%        2d7       6%          2

Your spell library contained the following spells:

 Spells                   Type           Power      Damage    Failure   Level
 Conjure Flame            Conj/Fire      11%        6-21      17%         3
 Animate Skeleton         Necr           2%         N/A       19%         1
 Apportation              Tloc           2%         N/A       19%         1
 Summon Small Mammal      Summ           4%         N/A       19%         1
 Inner Flame              Hex/Fire       8%         N/A       26%         3
 Blink                    Tloc           2%         N/A       28%         2
 Lesser Beckoning         Tloc           1%         N/A       50%         3
 Flame Wave               Conj/Fire      11%        2d5       50%         4
 Manifold Assault         Tloc           1%         N/A       99%         5


Dungeon Overview and Level Annotations

Branches:
Dungeon (2/15)

Altars:


Message History

You climb upwards.
There is a stone staircase leading down here.
The adder misses you. The adder barely misses you. The adder bites you.
You are poisoned.
The adder poisons you!
You feel sick.
You feel sick.
You feel sick.
You feel sick. The adder misses you.
You feel sick.
You feel sick.
You are no longer poisoned.
The adder bites you but does no damage.
You aren't carrying any potions.
The adder completely misses you. The adder barely misses you.
The adder completely misses you. The adder misses you.
There is a stone staircase leading down here.
The adder barely misses you. The adder bites you.
* * * LOW HITPOINT WARNING * * *
The adder barely misses you. The adder closely misses you.
The adder barely misses you. The adder closely misses you. The adder bites you.
* * * LOW HITPOINT WARNING * * *
You are lethally poisoned!
The adder poisons you!
As you read the scroll labelled HUN MIALAVUQ, it crumbles to dust.
You feel strangely unstable.
It was a scroll of teleportation.
* * * LOW HITPOINT WARNING * * *
You feel sick. The adder closely misses you.
* * * LOW HITPOINT WARNING * * *
You feel sick.
You barely miss the adder.
You die...

# #..##...........#.# #..# #
#..##.#.......#.#.#####..# #
#..##....................#
#..##.....................
#######..#...(.............)...#
##..................##...####.#.#
......##..#.......#.##...# #[#.#
#####.##..##......#.##...####...#
#.##.......S@..).............
#####.##...##.###..>...........#.
.............## ##.#####.#####.#(
#####.##...##.###.## #.# #.#.
#.###......#.## #.# #.## #####.#
#######..# #.# #.# ......#
#..#######.# #.#
###############..........# #.#
#[......#'#........# #.#


You could see an adder.

Vanquished Creatures
  3 adders (D:2)
  2 ball pythons
  5 endoplasms
  A giant cockroach (D:1)
  2 goblins
  3 hobgoblins
  4 jackals (D:1)
  A quokka (D:1)
  5 frilled lizards
  4 kobolds (D:1)
  3 rats
  A spectral kobold (D:2)
34 creatures vanquished.

Vanquished Creatures (others)
  58 foxfires
58 creatures vanquished.

Grand Total: 92 creatures vanquished

Notes
Turn   | Place    | Note
-------+----------+-------------------------------------------
     0 | D:1      | rabbitsville the Hill Orc Fire Elementalist began the quest
                  | for the Orb.
     0 | D:1      | Reached XP level 1. HP: 14/14 MP: 3/3
   324 | D:1      | Reached XP level 2. HP: 18/20 MP: 1/4
   835 | D:1      | Reached XP level 3. HP: 26/26 MP: 3/5
  1054 | D:2      | Found a faded altar of an unknown god.
  1213 | D:2      | Learned a level 2 spell: Scorch
  1425 | D:2      | Reached XP level 4. HP: 29/33 MP: 2/7
  1695 | D:1      | Succumbed to an adder's poison

Illustrated notes

Levels and vault maps discovered:
D:1:      minmay_arrival_doors, layout_loops_ring, chequers_garden
D:2:      layout_loops_cross, dreamdust_ecumenical_altar_drowned_temple

Skill      XL: |  1  2  3 |
---------------+----------+-----
Stealth        | 2 |  2.0
Dodging        | 2 |  2.0
Spellcasting   | 2 |  2.0
Conjurations   | |  1.8
Fire Magic     | |  3.9

Action                   |  1- 3 |  4- 6 || total
-------------------------+-------+-------++-------
Melee: Spear             |     1 |       ||     1
       Broad axe         |    36 |     6 ||    42
       Punch             |     1 |       ||     1
 Cast: Foxfire           |    35 |     3 ||    38
       Scorch            |     1 |       ||     1
  Use: Scroll            |       |     1 ||     1
Armor: Robe              |     7 |     2 ||     9
Dodge: Dodged            |    63 |    22 ||    85
